Map: Dusk Towers

Players

Nerchio - Winner!

  • Race: Zerg Zerg
  • League: Grandmaster

AcerBly (Bly)

  • Race: Zerg Zerg
  • League: Grandmaster

VOD

Have the link to the VOD?

Description

Time

  • Played on: Dec. 14, 2015, 9:34 p.m.
  • Length: 9:24
Show
View Real Time Build Order
Export as new Build Order

Nerchio Zerg - Winner!

Build Orders: Hatch First, Zergling Baneling 

Get SALT Encoding   

  12  0:00  Drone  
  13  0:12  Overlord  
  13  0:17  Drone  
  14  0:30  Drone x2  
  14  0:34  Drone  
  17  0:52  Hatchery  
  17  0:55  Drone  
  17  0:59  Drone  
  17  1:02  Extractor  
  17  1:16  Spawning Pool  
  17  1:18  Drone  
  17  1:21  Drone  
  18  1:28  Drone  
  19  1:38  Overlord  
  19  2:03  Queen  
  19  2:04  Zergling x4  
  19  2:06  Queen  
  19  2:08  Baneling Nest  
  24  2:11  Drone  
  24  2:15  Drone  
  26  2:18  Zergling x2  
  26  2:21  Zergling x2  
  28  2:29  Spine Crawler  
  27  2:32  Zergling x2  
  27  2:35  Zergling x2  
  29  2:39  Zergling x2  
  30  2:51  Baneling x6  
  30  2:53  Zergling x2  
  30  2:57  Baneling  
  31  2:59  Zergling x2  
  31  3:07  Baneling  
  31  3:18  Drone x5  
  31  3:24  Drone x2  
  32  3:29  Overlord  
  32  3:32  Baneling  
  32  3:38  Zergling x4  
  34  3:41  Baneling  
  34  3:47  Queen  
  36  3:50  Extractor  
  36  3:53  Metabolic Boost  
  37  3:55  Zergling x2  
  37  4:04  Drone x3  
  37  4:05  Drone  
  38  4:12  Drone x2  
  38  4:14  Drone  
  41  4:20  Overlord  
  41  4:21  Drone  
  41  4:23  Drone  
  43  4:29  Overlord  
  43  4:32  Overlord  
  43  4:39  Extractor  
  43  4:40  Zergling x8  
  43  4:44  Zergling x2  
  47  4:52  Zergling x2  
  48  4:53  Evolution Chamber  
  48  4:58  Zergling x8  
  51  5:10  Drone  
  51  5:13  Hatchery  
  51  5:15  Drone  
  51  5:16  Drone  
  51  5:17  Drone  
  51  5:20  Baneling x3  
  54  5:25  Baneling  
  54  5:26  Drone  
  54  5:27  Drone  
  54  5:28  Drone  
  54  5:30  Drone  
  54  5:32  Drone  
  54  5:34  Drone  
  53  5:38  Drone  
  53  5:39  Drone  
  53  5:43  Drone  
  53  5:44  Drone  
  53  5:49  Drone x2  
  53  5:50  Zerg Missile Weapons Level 1  
  53  5:56  Drone x2  
  54  5:57  Extractor  
  54  6:01  Roach Warren  
  54  6:03  Zergling x2  
  53  6:08  Lair  
  53  6:21  Drone x3  
  53  6:22  Extractor  
  55  6:36  Drone x4  
  59  6:41  Roach x3  
  59  6:42  Roach x3  
  70  6:49  Overlord  
  70  6:51  Overlord x2  
  70  6:58  Roach  
  70  6:59  Roach  
  74  7:05  Overseer, Glial Reconstitution  
  76  7:08  Roach x4  
  76  7:11  Roach x3  
  76  7:12  Queen  
  90  7:16  Roach  
  90  7:17  Roach  
  90  7:20  Overlord  
  94  7:24  Overlord  
  94  7:26  Ravager x2  
  94  7:27  Ravager x2  
  94  7:28  Overlord  
  98  7:30  Overlord  
  98  7:33  Overlord  
  98  7:35  Overlord  
  98  7:47  Zergling x2  
  98  7:48  Zergling x10  
  104  7:52  Zergling x2  
  104  7:56  Zergling x10  
  104  7:57  Zergling x2  
  111  7:59  Zergling x2  
  111  8:02  Zergling x2  
  111  8:04  Zergling x2  
  114  8:08  Zergling x2  
  115  8:15  Zergling x4  
  115  8:20  Zergling x4  
  115  8:23  Zergling x12  
  115  8:27  Zergling x2  
  115  8:30  Zergling x2  
  113  8:34  Zergling x2  
  113  8:37  Spire  
  113  8:39  Extractor x2  
  109  8:42  Roach x5  
  109  8:47  Roach  
  122  8:48  Roach  
  122  8:51  Roach  
  122  8:52  Roach  
  122  8:53  Roach x2  
  127  8:57  Roach  
  127  8:59  Overlord, Roach x2  
Show
View Real Time Build Order
Export as new Build Order

AcerBly Zerg 

Build Orders: Pool First, Zergling Baneling 

Get SALT Encoding   

  12  0:01  Drone  
  13  0:12  Drone  
  14  0:14  Extractor  
  13  0:28  Spawning Pool  
  13  0:32  Drone  
  13  0:37  Drone  
  14  0:46  Drone, Extractor  
  15  0:54  Overlord  
  15  1:16  Zergling x6  
  18  1:19  Queen  
  20  1:28  Metabolic Boost  
  20  1:39  Baneling Nest  
  19  1:47  Zergling x4  
  21  2:01  Overlord  
  21  2:03  Zergling x2  
  22  2:21  Zergling x4  
  24  2:29  Baneling x4  
  24  2:31  Zergling x6  
  24  2:34  Baneling  
  27  2:37  Zergling x2  
  28  2:44  Baneling  
  28  2:47  Zergling x2  
  28  3:02  Zergling x2  
  28  3:03  Overlord  
  29  3:17  Drone x3  
  26  3:26  Baneling  
  26  3:27  Baneling x2  
  24  3:30  Drone  
  24  3:33  Drone x2  
  27  3:37  Drone  
  27  3:41  Baneling  
  28  3:44  Drone  
  29  3:55  Drone  
  25  4:12  Drone x4  
  29  4:19  Hatchery  
  29  4:22  Zergling x2  
  29  4:27  Extractor  
  29  4:30  Zergling x2  
  29  4:36  Queen  
  31  4:40  Overlord  
  31  4:43  Baneling x2  
  31  4:45  Drone  
  32  4:50  Baneling  
  32  4:51  Baneling  
  32  4:55  Drone x2  
  32  4:58  Drone  
  35  5:09  Roach Warren  
  35  5:11  Drone  
  35  5:13  Drone  
  36  5:16  Drone  
  33  5:43  Drone x2  
  33  5:44  Drone x3  
  33  5:45  Drone  
  33  5:48  Drone  
  38  5:54  Roach  
  40  6:00  Roach  
  42  6:05  Roach  
  42  6:07  Roach  
  44  6:21  Drone x4  
  44  6:25  Drone  
  49  6:30  Drone  
  50  6:34  Evolution Chamber  
  49  6:40  Drone x3  
  49  6:43  Overlord, Extractor  
  49  6:44  Overlord x3  
  51  6:47  Ravager  
  52  6:57  Lair  
  52  7:04  Zerg Missile Weapons Level 1  
  52  7:05  Ravager x3  
  52  7:06  Drone x5  
  60  7:13  Extractor  
  60  7:14  Roach  
  60  7:15  Roach x2  
  65  7:25  Drone x4  
  69  7:39  Overlord  
  69  7:42  Hatchery  
  68  7:45  Roach x4  
  76  7:58  Roach  
  76  7:59  Roach x5  
  88  8:08  Roach  
  88  8:10  Overlord, Ravager x2  
  89  8:26  Roach x4  
  65  8:35  Roach  
  68  8:43  Roach  
  68  8:47  Roach x4  
Tags
 
Add a new tag
Caveats
  • Supply blocks, unpowered buildings, or Contaminate may cause inaccurate times.
  • Supply counts are checked every 10 seconds.